 Dungeon Crawl Stone Soup version 0.20-a0-731-gecde0bf (webtiles) character file.

1675 Gorglomux the Transmogrifier (level 9, 0/59 HPs)
             Began as a Merfolk Transmuter on Feb 22, 2017.
             Was a Follower of Wu Jian.
             Slain by a centaur (8 damage)
             ... on level 6 of the Dungeon.
             The game lasted 00:18:10 (8369 turns).

Gorglomux the Transmogrifier (Merfolk Transmuter)   Turns: 8369, Time: 00:18:11

Health: 0/59       AC:  3    Str: 10    XL:     9   Next: 1%
Magic:  16/20      EV: 13    Int: 16    God:    Wu Jian [*.....]
Gold:   166        SH:  0    Dex: 14    Spells: 11/22 levels left

rFire    + . .     SeeInvis .     - Unarmed
rCold    . . .     Gourm    .   b - +1 robe
rNeg     . . .     Faith    .   (shield currently unavailable)
rPois    .         Spirit   .   (no helmet)
rElec    .         Reflect  .   (no cloak)
rCorr    .         Harm     .   (gloves currently unavailable)
MR       +....                  (no boots)
Stlth    +.........             (no amulet)
Regen    0.2/turn               f - ring of protection from fire
MPRegen  0.2/turn               m - ring of protection from magic

@: blade hands
A: change form in water, swift swim, stealthy swim
a: End Transformation, Renounce Religion


You were on level 6 of the Dungeon.
You worshipped Wu Jian.
Wu Jian was aware of your devotion.
You were hungry.
You had blades for hands.
You visited 2 branches of the dungeon, and saw 7 of its levels.
You also visited: Ossuary.

You collected 166 gold pieces.

Inventory:

Missiles
 a - 26 arrows
 n - 158 stones (quivered)
 u - 4 curare-tipped needles
 Z - 3 throwing nets
Armour
 b - a +1 robe (worn)
Jewellery
 f - a ring of protection from fire (right scythe-like blade)
 m - a ring of protection from magic (left scythe-like blade)
 x - an uncursed ring of stealth
Scrolls
 p - 2 scrolls of enchant armour
 s - a scroll of noise
 y - a scroll of recharging
 G - 2 scrolls of remove curse
 I - a scroll of blinking {unknown}
 K - a scroll of immolation {unknown}
 M - 2 scrolls of magic mapping
 O - a scroll of torment {unknown}
 Q - a scroll of enchant weapon {unknown}
 T - 4 scrolls of teleportation
 W - 3 scrolls of amnesia {unknown}
Potions
 k - 3 potions of lignification
 l - 6 potions of curing
 z - 2 potions of cancellation
 D - 4 potions of haste
 H - 2 potions of magic
 J - 2 potions of brilliance {unknown}
 L - a potion of agility {unknown}
 N - a potion of degeneration {unknown}
 P - 2 potions of flight {unknown}
 U - a potion of invisibility {unknown}
 V - a potion of might {unknown}
 X - a potion of berserk rage {unknown}
 Y - a potion of resistance
Books
 c - a book of Changes

   Spells                             Type                      Level
   a - Beastly Appendage              Transmutation                1
   b - Sticks to Snakes               Transmutation                2
   c - Spider Form                    Transmutation/Poison         3
   d - Ice Form                       Ice/Transmutation            4
   e - Blade Hands                    Transmutation                5
Comestibles
 d - 2 bread rations
 v - a meat ration
 R - 3 chunks of flesh
 S - a royal jelly


   Skills:
 - Level 1.1 Fighting
 - Level 2.6 Dodging
 - Level 3.2 Unarmed Combat
 + Level 7.3 Spellcasting
 - Level 10.3 Transmutations
 - Level 2.0 Poison Magic


You had 11 spell levels left.
You knew the following spells:

 Your Spells              Type           Power        Failure   Level  Hunger
a - Beastly Appendage     Tmut           #####.       10%         1    None
b - Sticks to Snakes      Tmut           #####...     10%         2    None
c - Spider Form           Tmut/Pois      ####......   24%         3    ##.....
d - Blade Hands           Tmut           #####.....   36%         5    #####..


Dungeon Overview and Level Annotations

Branches:
Dungeon (6/15)             Temple (1/1) D:4

Altars:
Ashenzari
Cheibriados
Dithmenos
Elyvilon
Fedhas
Gozag
Hepliaklqana
Kikubaaqudgha
Makhleb
Nemelex Xobeh
Okawaru
Qazlal
Ru
Sif Muna
Trog
Uskayaw
Vehumet
Wu Jian
Xom
Zin
The Shining One

Annotations:
D:2 apportartion
D:5 slumpy's ghost, novice FoFi


Message History

The centaur shoots an arrow.
The arrow hits you!
The centaur shoots an arrow.
The arrow hits you!
* * * LOW HITPOINT WARNING * * *
You see here 2 arrows.
The centaur unwields an uncursed shortbow.
The centaur misses you.
You slash the centaur!
The centaur is heavily wounded.
The centaur misses you.
You slash the centaur!
The centaur is almost dead.
The centaur closely misses you. The centaur barely misses you.
You completely miss the centaur.
The centaur is almost dead.
The centaur hits you.
* * * LOW HITPOINT WARNING * * *
You completely miss the centaur.
The centaur is almost dead.
The centaur hits you!
You die...

........# ........#
. ........# ..
........# .#
........###.##
.............#
.......c.....#
.......@.....#
.......(...#.#
........(..#
...........# .#.#
.......#(.?##.#.#
.(.....#.(.##.#.###
.......#.(........#
......##..........#
...... #..........#


You could see a centaur.

Vanquished Creatures
  Grinder (D:6)
  A sky beast (D:5)
  4 elf zombies (Ossuary)
  A bullfrog (D:6)
  4 centaur zombies (Ossuary)
  4 human zombies (Ossuary)
  A jelly (D:5)
  2 hounds (D:5)
  5 orc wizards (D:4)
  6 orc priests
  A centaur skeleton (D:5)
  4 iguanas (D:5)
  3 worker ants
  4 mummies
  A worker ant zombie (D:5)
  6 adders
  An ooze (D:4)
  An adder skeleton (D:4)
  3 worms
  2 dart slugs (D:1)
  3 leopard geckos
  20 orcs
  A ball python (D:4)
  7 bats
  6 giant cockroaches
  6 goblins
  4 hobgoblins
  7 jackals
  3 quokkas
  3 frilled lizards
  5 kobolds
  9 rats
129 creatures vanquished.

Vanquished Creatures (collateral kills)
  An adder (D:2)
  A worm (D:6)
2 creatures vanquished.

Vanquished Creatures (others)
  A worker ant zombie (D:2)
  5 orcs (D:3)
  A giant cockroach (D:3)
7 creatures vanquished.

Grand Total: 138 creatures vanquished

Notes
Turn   | Place    | Note
-------+----------+-------------------------------------------
     0 | D:1      | Gorglomux the Merfolk Transmuter began the quest for the Orb.
     0 | D:1      | Reached XP level 1. HP: 15/15 MP: 3/3
    29 | D:1      | Reached skill level 3 in Transmutations
   404 | D:1      | Reached XP level 2. HP: 21/21 MP: 3/5
   519 | D:1      | Reached skill level 4 in Transmutations
   523 | D:1      | Learned a level 2 spell: Sticks to Snakes
   777 | D:1      | Reached XP level 3. HP: 26/26 MP: 4/6
   850 | D:1      | Learned a level 3 spell: Spider Form
  1558 | D:2      | Reached skill level 1 in Poison Magic
  1983 | D:2      | Reached XP level 4. HP: 14/32 MP: 1/7
  1984 | D:2      | Reached skill level 5 in Transmutations
  3501 | D:4      | Reached skill level 6 in Transmutations
  3501 | D:4      | Reached XP level 5. HP: 33/37 MP: 4/8
  3599 | D:4      | Reached skill level 7 in Transmutations
  3820 | D:4      | Reached XP level 6. HP: 31/43 MP: 7/9
  4228 | D:4      | Found a staircase to the Ecumenical Temple.
  4265 | Temple   | Entered the Ecumenical Temple
  4306 | Temple   | Became a worshipper of the Wu Jian Council
  4467 | Temple   | Reached skill level 8 in Transmutations
  4948 | D:4      | Reached skill level 9 in Transmutations
  5077 | D:4      | Reached XP level 7. HP: 30/48 MP: 6/10
  5412 | D:5      | Entered Level 5 of the Dungeon
  5487 | D:5      | Reached skill level 10 in Transmutations
  6102 | D:5      | Found a sand-covered staircase.
  6120 | D:5      | Learned a level 5 spell: Blade Hands
  6131 | D:5      | Reached skill level 3 in Spellcasting
  6205 | Ossuary  | Entered an ossuary
  6324 | Ossuary  | Reached XP level 8. HP: 29/54 MP: 7/13
  6336 | Ossuary  | Reached * piety under Wu Jian
  6800 | Ossuary  | Reached skill level 6 in Spellcasting
  7095 | D:5      | Noticed slumpy's ghost (novice FoFi)
  8149 | D:6      | Noticed Grinder
  8158 | D:6      | Killed Grinder
  8351 | D:6      | Reached XP level 9. HP: 55/59 MP: 13/20
  8369 | D:6      | Slain by a centaur

Vault maps used:
D:1:      dpeg_arrival_round_c
D:2:      first_bread, lemuel_flame_loot_1
D:3:      lemuel_old_faithful
D:4:      minmay_temple_entry_hall
D:5:      gup_ossuary_entry_pyramid
D:6:      serial_shops, nicolae_shop_waterfront, kennysheep_cluttered_room,
          uniq_grinder
Temple:   dpeg_three_leaves_temple
Ossuary:  ossuary_minmay_four_chambers

Skill      XL: |  1  2  3  4  5  6  7  8 |
---------------+-------------------------+-----
Transmutations | 3 4 6 7 9 10 | 10.3
Poison Magic   | 2 |  2.0
Spellcasting   | 3 7 |  7.3
Fighting       | |  1.1
Dodging        | |  2.6
Unarmed Combat | |  3.2

Action                   |  1- 3 |  4- 6 |  7- 9 || total
-------------------------+-------+-------+-------++-------
Melee: Unarmed           |    96 |   190 |   209 ||   495
       Headbutt          |     8 |     3 |     2 ||    13
       Punch             |     1 |       |     1 ||     2
Throw: Stone             |     1 |       |     1 ||     2
 Cast: Beastly Appendage |    19 |     2 |     1 ||    22
       Sticks to Snakes  |     4 |       |    13 ||    17
       Spider Form       |     2 |    24 |     8 ||    34
       Blade Hands       |       |       |    11 ||    11
  Use: Scroll            |     1 |     4 |     8 ||    13
       Potion            |     1 |       |     1 ||     2
 Stab: Sleeping          |     1 |     3 |       ||     4
       Distracted        |       |       |     1 ||     1
  Eat: Chunk             |     4 |    12 |    10 ||    26
       Fruit             |       |     1 |     7 ||     8
Armor: Robe              |    18 |     1 |    11 ||    30
       Skin              |     2 |     6 |     3 ||    11
Dodge: Dodged            |    65 |   140 |   146 ||   351
